TOP OF THE 1ST |
Erie SeaWolves batting - Pitching for Midland RockHounds : RHP Mike Staus
|
Pitching: RHP Mike Staus
|
|
Batting: RHB Tanner Purchase
|
0-0: Ball 1-0: Foul Ball, location: 2F 1-1: Ball 2-1: Ball 3-1: Ground out 6-3 (Groundball, 6, EV 80.6 MPH)
|
Batting: LHB Nick Nino
|
0-0: Foul Ball, location: 2F 0-1: Ball 1-1: Called Strike 1-2: Ball 2-2: Ground out 4-3 (Groundball, 4, EV 81.2 MPH)
|
Batting: RHB John Evancho
|
0-0: Called Strike 0-1: Fly out, F8 (Flyball, 89S, EV 91.2 MPH)
|
Top of the 1st over - 0 runs, 0 hits, 0 errors, 0 left on base; Erie 0 - Midland 0 |
BOTTOM OF THE 1ST |
Midland RockHounds batting - Pitching for Erie SeaWolves : RHP Eddie Hodgson
|
Pitching: RHP Eddie Hodgson
|
|
Batting: LHB Tomas Segarra
|
0-0: Ball 1-0: Foul Ball, location: 2F 1-1: Swinging Strike 1-2: Ball 2-2: SOLO HOME RUN (Flyball, 8RXD, EV 101.2 MPH), Distance : 429 ft
|
Batting: RHB Tim Cordle
|
0-0: Called Strike 0-1: Swinging Strike 0-2: Ball 1-2: Strikes out looking
|
Batting: LHB Gregg Power
|
0-0: Swinging Strike 0-1: Ball 1-1: Ground out 6-3 (Groundball, 4, EV 88.1 MPH)
|
Batting: RHB Scott Wiggs
|
0-0: Called Strike 0-1: Called Strike 0-2: Fly out, F8 (Flyball, 8LM, EV 88.8 MPH)
|
Bottom of the 1st over - 1 run, 1 hit, 0 errors, 0 left on base; Erie 0 - Midland 1 |
TOP OF THE 2ND |
Erie SeaWolves batting - Pitching for Midland RockHounds : RHP Mike Staus
|
Batting: RHB Brandon O'Malley
|
0-0: Ball 1-0: Ball 2-0: Foul Ball, location: 2F 2-1: Ball 3-1: Foul Ball, location: 2F 3-2: Base on Balls
|
Batting: RHB Adam MacConnell
|
0-0: Ball 1-0: Foul Ball, location: 2F 1-1: Ball 2-1: Fielders Choice at 2nd, 6-4 (Groundball, 6, EV 83.8 MPH)
|
Batting: RHB Tony Soto
|
0-0: Ball Passed Ball! Adam MacConnell to second 1-0: Foul Ball, location: 2F 1-1: Ground out 5-3 (Groundball, 56, EV 86.9 MPH)
|
Batting: SHB Chris Wagler
|
0-0: Ball 1-0: Ball 2-0: Ball 3-0: Called Strike 3-1: Foul Ball, location: 2F 3-2: Base on Balls
|
Batting: RHB Jamie Villagrana
|
0-0: Called Strike 0-1: Ball 1-1: Foul Ball, location: 2F 1-2: Strikes out swinging
|
Top of the 2nd over - 0 runs, 0 hits, 0 errors, 2 left on base; Erie 0 - Midland 1 |
BOTTOM OF THE 2ND |
Midland RockHounds batting - Pitching for Erie SeaWolves : RHP Eddie Hodgson
|
Batting: SHB Robert Santiago
|
0-0: Called Strike 0-1: Swinging Strike 0-2: Strikes out swinging
|
Batting: LHB Alan Bianchard
|
0-0: Ball 1-0: Called Strike 1-1: Called Strike 1-2: Strikes out swinging
|
Batting: LHB Tom Raupp
|
0-0: Called Strike 0-1: Called Strike 0-2: Strikes out swinging
|
Bottom of the 2nd over - 0 runs, 0 hits, 0 errors, 0 left on base; Erie 0 - Midland 1 |
TOP OF THE 3RD |
Erie SeaWolves batting - Pitching for Midland RockHounds : RHP Mike Staus
|
Batting: RHB Willie Ochoa
|
0-0: Called Strike 0-1: Ball 1-1: Swinging Strike 1-2: Foul Ball, location: 2F 1-2: Ball 2-2: Foul Ball, location: 2F 2-2: Ground out 4-3 (Groundball, 4S, EV 69.4 MPH)
|
Batting: RHB Tanner Purchase
|
0-0: Called Strike 0-1: Ball 1-1: Ground out 4-3 (Groundball, 4M, EV 96.9 MPH)
|
Batting: LHB Nick Nino
|
0-0: Foul Ball, location: 2F 0-1: Ball 1-1: SINGLE (Groundball, 34D, EV 106.9 MPH)
|
Batting: RHB John Evancho
|
0-0: Called Strike 0-1: Foul Ball, location: 2F 0-2: Ball 1-2: Ball 2-2: Ground out 4-3 (Groundball, 34, EV 84.4 MPH)
|
Top of the 3rd over - 0 runs, 1 hit, 0 errors, 1 left on base; Erie 0 - Midland 1 |
BOTTOM OF THE 3RD |
Midland RockHounds batting - Pitching for Erie SeaWolves : RHP Eddie Hodgson
|
Batting: SHB Ryan Chicoine
|
0-0: Ball 1-0: Fly out, F7 (Flyball, 7LD, EV 86.2 MPH)
|
Batting: RHB Matt Sherard
|
0-0: SINGLE (Groundball, 6MD, EV 108.1 MPH)
|
Batting: LHB Tomas Segarra
|
0-0: Ball 1-0: Ball 2-0: Ball 3-0: Called Strike 3-1: Foul Ball, location: 2F 3-2: Grounds into double play, 4-6-3 (Groundball, 4, EV 108.1 MPH)
|
Bottom of the 3rd over - 0 runs, 1 hit, 0 errors, 0 left on base; Erie 0 - Midland 1 |
TOP OF THE 4TH |
Erie SeaWolves batting - Pitching for Midland RockHounds : RHP Mike Staus
|
Batting: RHB Brandon O'Malley
|
0-0: Ball 1-0: Foul Ball, location: 2F 1-1: Ball 2-1: Foul Ball, location: 2F 2-2: Strikes out looking
|
Batting: RHB Adam MacConnell
|
0-0: Called Strike 0-1: Ball 1-1: DOUBLE (Groundball, 5L, EV 103.1 MPH)
|
Batting: RHB Tony Soto
|
0-0: Called Strike 0-1: Swinging Strike 0-2: Ball 1-2: Ball 2-2: Ball 3-2: Strikes out swinging
|
Batting: SHB Chris Wagler
|
0-0: Foul Ball, location: 2F 0-1: Ball 1-1: Foul Ball, location: 2F 1-2: Ball 2-2: Strikes out looking
|
Top of the 4th over - 0 runs, 1 hit, 0 errors, 1 left on base; Erie 0 - Midland 1 |
BOTTOM OF THE 4TH |
Midland RockHounds batting - Pitching for Erie SeaWolves : RHP Eddie Hodgson
|
Batting: RHB Tim Cordle
|
0-0: Ground out 4-3 (Groundball, 4, EV 86.2 MPH)
|
Batting: LHB Gregg Power
|
0-0: Ball 1-0: Foul Ball, location: 2F 1-1: Ball 2-1: Fly out, F6 (Popup, 4M, EV 60.6 MPH)
|
Batting: RHB Scott Wiggs
|
0-0: Ball 1-0: Called Strike 1-1: Swinging Strike 1-2: Strikes out swinging
|
Bottom of the 4th over - 0 runs, 0 hits, 0 errors, 0 left on base; Erie 0 - Midland 1 |
TOP OF THE 5TH |
Erie SeaWolves batting - Pitching for Midland RockHounds : RHP Mike Staus
|
Batting: RHB Jamie Villagrana
|
0-0: Ball 1-0: Called Strike 1-1: Ball 2-1: Ground out U3 (Groundball, 3L, EV 81.2 MPH)
|
Batting: RHB Willie Ochoa
|
0-0: Swinging Strike 0-1: Ball 1-1: Called Strike 1-2: SINGLE (Line Drive, 6MD, EV 104.4 MPH)
|
Batting: RHB Tanner Purchase
|
0-0: Called Strike 0-1: Ball 1-1: Foul Ball, location: 2F 1-2: Ball Wild Pitch! Willie Ochoa to second 2-2: Strikes out swinging
|
Batting: LHB Nick Nino
|
0-0: Called Strike 0-1: Ball 1-1: Swinging Strike 1-2: Ball 2-2: Ground out 2-3 (Groundball, 15S, EV 70.6 MPH)
|
Top of the 5th over - 0 runs, 1 hit, 0 errors, 1 left on base; Erie 0 - Midland 1 |
BOTTOM OF THE 5TH |
Midland RockHounds batting - Pitching for Erie SeaWolves : RHP Eddie Hodgson
|
Batting: SHB Robert Santiago
|
0-0: Called Strike 0-1: Ball 1-1: Foul Ball, location: 2F 1-2: Ball 2-2: Strikes out swinging
|
Batting: LHB Alan Bianchard
|
0-0: Ball 1-0: Ball 2-0: Called Strike 2-1: Foul Ball, location: 2F 2-2: Ball 3-2: Ground out 4-3 (Groundball, 4, EV 84.4 MPH)
|
Batting: LHB Tom Raupp
|
0-0: Ball 1-0: Called Strike 1-1: Called Strike 1-2: Ball 2-2: Foul Ball, location: 2F 2-2: Foul Ball, location: 2F 2-2: Ball 3-2: Ground out 4-3 (Groundball, 34, EV 91.2 MPH)
|
Bottom of the 5th over - 0 runs, 0 hits, 0 errors, 0 left on base; Erie 0 - Midland 1 |
TOP OF THE 6TH |
Erie SeaWolves batting - Pitching for Midland RockHounds : RHP Mike Staus
|
Batting: RHB John Evancho
|
0-0: Ball 1-0: SINGLE (Groundball, 56S, EV 73.1 MPH) (infield hit)
|
Batting: RHB Brandon O'Malley
|
0-0: Ball 1-0: Called Strike 1-1: Ball 2-1: Foul Ball, location: 2F 2-2: Grounds into double play, 6-4-3 (Groundball, 6M, EV 78.1 MPH)
|
Batting: RHB Adam MacConnell
|
0-0: Ball 1-0: Fly out, F9 (Flyball, 89M, EV 79.4 MPH)
|
Top of the 6th over - 0 runs, 1 hit, 0 errors, 0 left on base; Erie 0 - Midland 1 |
BOTTOM OF THE 6TH |
Midland RockHounds batting - Pitching for Erie SeaWolves : RHP Eddie Hodgson
|
Batting: SHB Ryan Chicoine
|
0-0: Ball 1-0: Called Strike 1-1: Ball 2-1: Ball 3-1: Swinging Strike 3-2: Foul Ball, location: 2F 3-2: Base on Balls
|
Batting: RHB Matt Sherard
|
0-0: Called Strike 0-1: Called Strike 0-2: Ball 1-2: Strikes out swinging
|
Batting: LHB Tomas Segarra
|
0-0: Swinging Strike 0-1: SINGLE (Flyball, 7LS, EV 94.4 MPH) Ryan Chicoine to second
|
Batting: RHB Tim Cordle
|
0-0: Ball 1-0: Foul Ball, location: 2F 1-1: Foul Ball, location: 2F 1-2: Ball 2-2: Fly out, F9 (Flyball, 9S, EV 84.4 MPH)
|
Batting: LHB Gregg Power
|
0-0: Called Strike 0-1: Fly out, F9 (Line Drive, 9, EV 100.0 MPH)
|
Bottom of the 6th over - 0 runs, 1 hit, 0 errors, 2 left on base; Erie 0 - Midland 1 |
TOP OF THE 7TH |
Erie SeaWolves batting - Pitching for Midland RockHounds : RHP Mike Staus
|
Batting: RHB Tony Soto
|
0-0: Called Strike 0-1: Foul Ball, location: 2F 0-2: Strikes out swinging
|
Batting: SHB Chris Wagler
|
0-0: SINGLE (Groundball, 6D, EV 95.0 MPH)
|
Batting: RHB Jamie Villagrana
|
0-0: Called Strike 0-1: Ball 1-1: Foul Ball, location: 2F 1-2: Fly out, F9 (Flyball, 89M, EV 98.1 MPH)
|
Batting: RHB Willie Ochoa
|
0-0: Ball 1-0: Fly out, F8 (Flyball, 8RD, EV 95.6 MPH)
|
Top of the 7th over - 0 runs, 1 hit, 0 errors, 1 left on base; Erie 0 - Midland 1 |
BOTTOM OF THE 7TH |
Midland RockHounds batting - Pitching for Erie SeaWolves : RHP Eddie Hodgson
|
Pitching: RHP Andy Thoennes
|
|
Batting: RHB Scott Wiggs
|
0-0: Fly out, F8 (Flyball, 8LS, EV 82.5 MPH)
|
Batting: SHB Robert Santiago
|
0-0: Called Strike 0-1: Hit by Pitch
|
Batting: LHB Alan Bianchard
|
0-0: Ball 1-0: Ball 2-0: Foul Ball, location: 2F 2-1: Ball 3-1: Called Strike 3-2: Ground out 4-3 (Groundball, 34, EV 104.4 MPH) Robert Santiago to second
|
Batting: LHB Tom Raupp
|
0-0: Foul Ball, location: 2F 0-1: Swinging Strike 0-2: Strikes out swinging
|
Bottom of the 7th over - 0 runs, 0 hits, 0 errors, 1 left on base; Erie 0 - Midland 1 |
TOP OF THE 8TH |
Erie SeaWolves batting - Pitching for Midland RockHounds : RHP Mike Staus
|
Pitching: RHP Tony Contreras
|
|
Now at 1B: Nick Pacheco
|
|
Now at 2B: Jose Mojica
|
|
Batting: RHB Tanner Purchase
|
0-0: Foul Ball, location: 2F 0-1: Fly out, F9 (Flyball, 9, EV 90.6 MPH)
|
Batting: LHB Nick Nino
|
0-0: Called Strike 0-1: Called Strike 0-2: Foul Ball, location: 2F 0-2: Ball 1-2: Foul Ball, location: 2F 1-2: Foul Ball, location: 2F 1-2: Strikes out looking
|
Batting: RHB John Evancho
|
0-0: SINGLE (Groundball, 6MD, EV 106.9 MPH)
|
Batting: RHB Brandon O'Malley
|
0-0: Called Strike 0-1: Ground out 6-3 (Groundball, P, EV 91.9 MPH)
|
Top of the 8th over - 0 runs, 1 hit, 0 errors, 1 left on base; Erie 0 - Midland 1 |
BOTTOM OF THE 8TH |
Midland RockHounds batting - Pitching for Erie SeaWolves : RHP Andy Thoennes
|
Pitching: RHP Denzel McPherson
|
|
Batting: SHB Ryan Chicoine
|
0-0: Called Strike 0-1: Called Strike 0-2: Strikes out swinging
|
Batting: RHB Matt Sherard
|
0-0: Ball 1-0: Foul Ball, location: 2F 1-1: Swinging Strike 1-2: Ground out 4-3 (Groundball, 4M, EV 89.4 MPH)
|
Batting: LHB Tomas Segarra
|
0-0: Ball 1-0: Foul Ball, location: 2F 1-1: Called Strike 1-2: Ball 2-2: Fly out, F9 (Flyball, 89S, EV 91.2 MPH)
|
Bottom of the 8th over - 0 runs, 0 hits, 0 errors, 0 left on base; Erie 0 - Midland 1 |
TOP OF THE 9TH |
Erie SeaWolves batting - Pitching for Midland RockHounds : RHP Tony Contreras
|
Pitching: RHP John Shutt
|
|
Batting: RHB Adam MacConnell
|
0-0: Ball 1-0: Called Strike 1-1: Foul Ball, location: 2F 1-2: Strikes out swinging
|
Batting: RHB Tony Soto
|
0-0: Foul Ball, location: 2F 0-1: Foul Ball, location: 2F 0-2: Ball 1-2: Strikes out swinging
|
Batting: SHB Chris Wagler
|
0-0: Ball 1-0: SINGLE (Groundball, 4D, EV 97.5 MPH)
|
Pinch Hitting: SHB Sean Foley
|
0-0: SINGLE (Flyball, 9LS, EV 98.1 MPH) Chris Wagler to second Runner from 2nd tries for 3rd, SAFE, throw by RF made to third
|
Pinch Hitting: RHB Eric Angelle
|
0-0: Ball 1-0: Ball 2-0: Ball 3-0: Base on Balls Sean Foley to second
|
Batting: RHB Tanner Purchase
|
0-0: Called Strike 0-1: Foul Ball, location: 2F 0-2: Foul Ball, location: 2F 0-2: Strikes out looking
|
Top of the 9th over - 0 runs, 2 hits, 0 errors, 3 left on base; Erie 0 - Midland 1 |
|